 Dungeon Crawl Stone Soup version 0.19.3-4-gbf9329e (webtiles) character file.

812 volk64 the Slasher (level 7, -8/90 HPs)
             Began as a Black Draconian Berserker on Jan 27, 2017.
             Was a Priest of Trog.
             Mangled by an ogre
             ... wielding a +0 giant club
              (13 damage)
             ... on level 6 of the Dungeon.
             The game lasted 00:14:22 (3832 turns).

volk64 the Slasher (Black Draconian Berserker)      Turns: 3832, Time: 00:14:23

Health: -8/90      AC:  8    Str: 26    XL:     7   Next: 61%
Magic:  7/7        EV: 15    Int:  7    God:    Trog [***...]
Gold:   245        SH:  0    Dex: 15    Spells: 0 memorised, 6 levels left

rFire  . . .     SeeInvis .     a - +0 falchion
rCold  . . .     Gourm    .     (armour unavailable)
rNeg   . . .     Faith    .     (no shield)
rPois  .         Spirit   .     (helmet restricted)
rElec  +         Reflect  .     k - +0 cloak
rCorr  .         Harm     .     i - +0 pair of gloves
MR     ++...                    (no boots)
Stlth  ..........               (no amulet)
                                (no ring)
                                r - +4 ring of dexterity

@: berserking, regenerating, very quick
A: breathe lightning, unfitting armour, electricity resistance, cold-blooded, AC
+6
a: Breathe Lightning, Berserk, Trog's Hand, Burn Spellbooks, Renounce Religion


You were on level 6 of the Dungeon.
You worshipped Trog.
Trog was most pleased with you.
You were not hungry.

You visited 1 branch of the dungeon, and saw 6 of its levels.

You collected 245 gold pieces.

Inventory:

Hand Weapons
 a - a +0 falchion (weapon)
 o - a +3 quarterstaff of chaos
 y - a +3 hand axe of chopping
Armour
 i - a +0 pair of gloves (worn)
 k - a +0 cloak (worn)
Jewellery
 j - an uncursed ring of teleportation
 r - a +4 ring of dexterity (left hand)
 t - an uncursed amulet of magic regeneration
Wands
 p - a wand of enslavement (13/24)
 w - a wand of paralysis (14/24)
Scrolls
 c - a scroll of enchant weapon
 e - a scroll of recharging
 l - 2 scrolls of magic mapping
 n - 2 scrolls of identify
 u - 2 scrolls of remove curse
 v - a scroll of teleportation {unknown}
Potions
 d - a potion of curing
 m - 2 potions of degeneration {unknown}
 q - 2 potions of resistance {unknown}
 s - a potion of flight {unknown}
 z - a potion of magic {unknown}
Comestibles
 b - a bread ration
 f - a beef jerky
 g - 3 meat rations
 h - 6 fruits
 x - a royal jelly
 A - 7 chunks of flesh


   Skills:
 + Level 4.6 Fighting
 + Level 6.3 Long Blades
 + Level 4.6 Dodging
 + Level 3.5 Stealth


You had 6 spell levels left.
You didn't know any spells.

Dungeon Overview and Level Annotations

Branches:
Dungeon (6/15)             Temple (0/1) D:6

Altars:
Dithmenos
Elyvilon
Fedhas
Kikubaaqudgha
Nemelex Xobeh
Sif Muna
Trog


Innate Abilities, Weirdness & Mutations

You can breathe wild blasts of lightning.
Your glossy black scales are hard. (AC +6)
You cannot fit into any form of body armour.
You are resistant to electric shocks. (rElec)
You are cold-blooded and may be slowed by cold attacks.


Message History

The crimson imp blinks!
Found 9 gold pieces.
There is an open door here.
Your skin crawls.
You feel resistant to hostile enchantments.
You feel somewhat more hungry. The ogre closely misses you.
The crimson imp blinks!
You hit the ogre.
The ogre is lightly wounded.
The ogre hits you with a giant club!
* * * LOW HITPOINT WARNING * * *
The orc hits you but does no damage.
A bullfrog skeleton comes into view.
You slash the ogre!
The ogre is heavily wounded.
The orc closely misses you.
A red film seems to cover your vision as you go berserk!
You feel yourself moving faster!
You feel mighty!
You feel a lot more hungry. The ogre hits you with a giant club!
You die...

....................#...
...)..
................5...'...
.......
....................#...
.##.....
...####...###.....###
...O #.>... ####
#...###.....###....
#.....
#...........$.....
#.....
#.................
.........Oo......
.......@.......
.............Z.
.#######+###... ###


You could see an ogre, a crimson imp, an orc and a bullfrog skeleton.

Vanquished Creatures
  An orc warrior (D:6)
  2 scorpions
  A bullfrog skeleton (D:4)
  2 hounds (D:4)
  A jelly (D:5)
  6 orc priests
  Crazy Yiuf (D:2)
  An iguana (D:4)
  4 orc wizards
  A hound skeleton (D:4)
  6 adders
  2 adder skeletons (D:4)
  A dart slug (D:2)
  3 leopard geckos
  21 orcs
  7 bats
  A giant cockroach (D:1)
  8 goblins
  6 hobgoblins
  2 jackals (D:3)
  3 quokkas
  A ball python (D:4)
  5 frilled lizards
  6 kobolds
  8 rats
  A butterfly (D:6)
101 creatures vanquished.

Notes
Turn   | Place    | Note
-------+----------+-------------------------------------------
     0 | D:1      | volk64 the Draconian Berserker began the quest for the Orb.
     0 | D:1      | Reached XP level 1. HP: 19/19 MP: 1/1
   122 | D:1      | Reached XP level 2. HP: 25/26 MP: 2/2
   838 | D:2      | Reached XP level 3. HP: 33/33 MP: 3/3
   994 | D:2      | Reached ** piety under Trog
  1323 | D:2      | Found a runed door.
  1327 | D:2      | Noticed Crazy Yiuf
  1334 | D:2      | Killed Crazy Yiuf
  1334 | D:2      | Reached skill level 4 in Long Blades
  1334 | D:2      | Reached XP level 4. HP: 29/40 MP: 4/4
  1566 | D:3      | Found a bloodstained altar of Trog.
  1681 | D:3      | Found a faded altar of an unknown god.
  1737 | D:3      | Reached skill level 1 in Stealth
  1737 | D:3      | Reached XP level 5. HP: 46/46 MP: 5/5
  2031 | D:3      | Found a blossoming altar of Fedhas.
  2035 | D:3      | Found a shadowy altar of Dithmenos.
  2125 | D:3      | Found a white marble altar of Elyvilon.
  2266 | D:3      | Found a deep blue altar of Sif Muna.
  2394 | D:4      | Reached XP level 6. HP: 49/52 MP: 6/6
  2467 | D:4      | Reached skill level 5 in Long Blades
  2737 | D:4      | Reached *** piety under Trog
  2910 | D:4      | Found an ancient bone altar of Kikubaaqudgha.
  2921 | D:4      | Your scales start taking on a glossy black colour.
  2921 | D:4      | Reached XP level 7. HP: 50/60 MP: 7/7
  2921 | D:4      | Gained mutation: You are resistant to electric shocks. (rElec) [Black Draconian growth]
  3284 | D:4      | Reached skill level 6 in Long Blades
  3332 | D:5      | Entered Level 5 of the Dungeon
  3472 | D:5      | Found a sparkling altar of Nemelex Xobeh.
  3782 | D:6      | Found a staircase to the Ecumenical Temple.
  3797 | D:6      | HP: 2/60 [bounced beam (2)]
  3814 | D:6      | HP: 2/60 [crimson imp (3)]
  3830 | D:6      | HP: 2/60 [ogre/giant club (12)]
  3832 | D:6      | Mangled by an ogre

Skill      XL: |  1  2  3  4  5  6  7 |
---------------+----------------------+-----
Dodging        | 3 4 |  4.6
Fighting       | 4 |  4.6
Long Blades    | 4 5 6 |  6.3
Stealth        | 1 2 3 |  3.5

Action                   |  1- 3 |  4- 6 |  7- 9 || total
-------------------------+-------+-------+-------++-------
Melee: Falchion          |    89 |   143 |    45 ||   277
       Tailslap          |    10 |    28 |    13 ||    51
Invok: Berserk           |     1 |     2 |     1 ||     4
       Burn Spellbooks   |       |     1 |       ||     1
       Trog's Hand       |       |       |     1 ||     1
 Abil: Breathe Lightning |       |       |     3 ||     3
  Use: Scroll            |     4 |     3 |     2 ||     9
       Potion            |     2 |       |       ||     2
 Stab: Invisible         |     1 |       |       ||     1
       Sleeping          |       |     6 |     3 ||     9
  Eat: Chunk             |     1 |     9 |       ||    10
       Bread ration      |       |       |     1 ||     1
Armor: Skin              |    26 |    39 |    15 ||    80
Dodge: Dodged            |    66 |    80 |    29 ||   175
       Rpst.: Falchion   |    19 |    27 |    10 ||    56
